 Dungeon Crawl Stone Soup version 0.22.1-1-ga44c0e5 (webtiles) character file.

86 whitewolfNL the Insei (level 4, -3/28 HPs)
             Began as an Octopode Transmuter on Sept 20, 2018.
             Slain by a centaur (9 damage)
             ... on level 3 of the Dungeon.
             The game lasted 00:14:22 (2334 turns).

whitewolfNL the Insei (Octopode Transmuter)         Turns: 2334, Time: 00:14:23

Health: -3/28      AC:  1    Str:  9    XL:     4   Next: 49%
Magic:  7/7        EV: 13    Int: 16    God:
Gold:   115        SH:  3    Dex: 12    Spells: 6/7 levels left

rFire    . . .     SeeInvis .     - Unarmed
rCold    . . .     Gourm    .   m - +0 buckler
rNeg     . . .     Faith    .   (helmet restricted)
rPois    .         Spirit   .   (no amulet)
rElec    .         Reflect  .   (no ring)
rCorr    .         Harm     .   (no ring)
MR       .....                  (no ring)
Stlth    +++.......             (no ring)
HPRegen  0.09/turn              (no ring)
MPRegen  0.10/turn              (no ring)
                                (no ring)
                                (no ring)

@: no status effects
A: almost no armour, stealthy swim, amphibious, 8 rings, constrict 8, camouflage
1, gelatinous body 1
a: no special abilities


You were on level 3 of the Dungeon.
You were not hungry.

You visited 1 branch of the dungeon, and saw 3 of its levels.

You collected 115 gold pieces.

Inventory:

Hand Weapons
 p - a +1 dagger of venom
Missiles
 a - 12 arrows
 h - 105 stones (quivered)
 k - 39 bolts
 s - 16 poisoned needles
Armour
 m - a +0 buckler (worn)
Scrolls
 b - a scroll of amnesia {unknown}
 d - 2 scrolls of remove curse {unknown}
 g - 2 scrolls of teleportation {unknown}
 j - 2 scrolls of fear {unknown}
 l - a scroll of enchant weapon {unknown}
 n - 4 scrolls of identify {unknown}
 t - a scroll of fog {unknown}
 u - a scroll of magic mapping {unknown}
Potions
 e - a potion of haste {unknown}
 f - a potion of degeneration {unknown}
 i - a potion of heal wounds {unknown}
 o - 2 potions of curing
 q - a potion of flight {unknown}
 r - a potion of brilliance {unknown}
 v - a potion of cancellation {unknown}
Comestibles
 c - 3 rations


   Skills:
 - Level 1.0 Fighting
 * Level 2.6 Dodging
 * Level 3.2 Stealth
 - Level 0.4 Shields
 * Level 3.6 Unarmed Combat
 + Level 2.1 Spellcasting
 + Level 2.2 Transmutations


You had 6 spell levels left.
You knew the following spells:

 Your Spells              Type           Power        Failure   Level  Hunger
a - Beastly Appendage     Tmut           #.....       13%         1    #......

Your spell library contained the following spells:

 Spells                   Type           Power        Failure   Level  Hunger
 Sticks to Snakes         Tmut           #.......     19%         2    ###....
 Spider Form              Tmut/Pois      #.........   52%         3    ###....
 Ice Form                 Ice/Tmut       #.......     90%         4    #####..
 Blade Hands              Tmut           #.........   98%         5    ######.


Dungeon Overview and Level Annotations

Branches:
Dungeon (3/15)

Altars:
Cheibriados
Xom


Innate Abilities, Weirdness & Mutations

You cannot wear most types of armour.
You are very stealthy in the water. (Stealth+)
You are amphibious.
You can wear up to eight rings at the same time.
You can use your tentacles to constrict eight enemies at once.
Your skin changes colour to match your surroundings (Stealth+).
Your rubbery body absorbs attacks. (AC +1, EV +1)


Message History

The centaur barely misses you. x2
You tentacle-slap the centaur.
The centaur is moderately wounded.
You block the centaur's attack.
Your shield prevents you from hitting the centaur.
You squeeze the centaur, but do no damage.
The centaur is moderately wounded.
You block the centaur's attack. The centaur misses you.
You barely miss the centaur.
The centaur is moderately wounded.
The centaur barely misses you.
You tentacle-slap the centaur but do no damage.
Your squeeze misses the centaur.
The centaur is moderately wounded.
The centaur barely misses you. The centaur closely misses you.
You closely miss the centaur.
The centaur is moderately wounded.
The centaur closely misses you. The centaur hits you!
You die...

#. ###.## ## ..#s. #.
#.#.## ## #.#..# #....# .
#.#..# # [...#####<...#
#.. #.....c@%...## #.
........##....###########
#######.##...............
#.##..#.####..###.#
..##..#.# #.......
####..#.# #.#.#>..
#..#.####.#.#.##
#..#........#.#
#...[.........#


You could see a centaur.

Vanquished Creatures
  3 adders (D:2)
  2 worms (D:2)
  3 dart slugs
  A leopard gecko (D:3)
  2 bats (D:1)
  A giant cockroach (D:1)
  7 goblins
  5 hobgoblins
  5 jackals (D:2)
  A ball python (D:1)
  5 frilled lizards
  4 kobolds
  7 rats
46 creatures vanquished.

Notes
Turn   | Place    | Note
-------+----------+-------------------------------------------
     0 | D:1      | whitewolfNL the Octopode Transmuter began the quest for the
                  | Orb.
     0 | D:1      | Reached XP level 1. HP: 13/13 MP: 3/3
   287 | D:1      | Reached XP level 2. HP: 11/18 MP: 5/5
   840 | D:1      | Reached skill level 1 in Stealth
  1017 | D:1      | Reached XP level 3. HP: 22/23 MP: 6/6
  1227 | D:2      | Found a snail-covered altar of Cheibriados.
  1252 | D:2      | HP: 1/23 [poisoned by a goblin]
  1516 | D:2      | Found a shimmering altar of Xom.
  1880 | D:2      | Reached XP level 4. HP: 27/28 MP: 5/7
  2322 | D:3      | Noticed a centaur
  2334 | D:3      | Slain by a centaur

Skill      XL: |  1  2  3  4 |
---------------+-------------+-----
Stealth        | 1 2 3 |  3.2
Fighting       | |  1.0
Dodging        | |  2.6
Shields        | |  0.4
Unarmed Combat | |  3.6
Spellcasting   | |  2.1
Transmutations | |  2.2

Action                   |  1- 3 |  4- 6 || total
-------------------------+-------+-------++-------
Melee: Unarmed           |    68 |    43 ||   111
       Constrict         |    21 |     9 ||    30
       Tentacles         |    11 |     9 ||    20
       Punch             |     1 |       ||     1
       Kick              |     1 |     5 ||     6
 Cast: Beastly Appendage |     2 |     1 ||     3
  Use: Potion            |     1 |       ||     1
 Stab: Sleeping          |     7 |       ||     7
  Eat: Chunk             |     3 |     1 ||     4
Armor: Skin              |     1 |     2 ||     3
Dodge: Dodged            |    35 |    29 ||    64
Block: Buckler           |     1 |     8 ||     9
